 Dungeon Crawl Stone Soup version 0.30-a0-591-g3c58d2bc28 (webtiles) character file.

Game seed: 14743819610663355827

4682 OTABOTABOTAB the Martial Artist (level 10, -7/65 HPs)
             Began as an Octopode Transmuter on Jan 5, 2023.
             Was an Initiate of Gozag.
             Mangled by a two-headed ogre
             ... wielding a +0 giant club
              (15 damage)
             ... on level 8 of the Dungeon.
             The game lasted 00:24:20 (9202 turns).

OTABOTABOTAB the Martial Artist (OpTm)              Turns: 9202, Time: 00:24:20

Health: -7/65      AC:  6    Str: 10    XL:     10   Next: 44%
Magic:  10/13      EV: 22    Int: 20    God:    Gozag
Gold:   308        SH:  0    Dex: 17    Spells: 3/13 levels left

rFire   . . .      SeeInvis .      - Unarmed
rCold   . . .      Faith    .    (shield currently unavailable)
rNeg    . . .      Spirit   .    (helmet currently unavailable)
rPois   x          Reflect  .    (no amulet)
rElec   .          Harm     .    A - +4 ring of protection
rCorr   .          Rampage  .    (no ring)
Will    .....                    (no ring)
Stlth   ++                       (no ring)
HPRegen 0.30/turn                (no ring)
MPRegen 0.13/turn                (no ring)
                                 (no ring)
                                 (no ring)

@: spider-form, gold aura
A: venomous fangs, almost no armour, (amphibious), 8 rings, tiny, (camouflage
1), (gelatinous body 1), (nimble swimmer 1), (tentacles)
a: End Transformation, Renounce Religion, Potion Petition, Call Merchant, Bribe
Branch


You were on level 8 of the Dungeon.
You worshipped Gozag.
Gozag was aware of your devotion.
You were a venomous arachnid creature.
You visited 2 branches of the dungeon, and saw 9 of its levels.

You collected 824 gold pieces.
You spent 432 gold pieces at shops.
You paid 84 gold pieces to Gozag.

Inventory:

Hand Weapons
 t - a +3 flail of freezing (melded)
   (You took it off a wight on level 7 of the Dungeon)
 u - a +3 heavy flail
   (You took it off Edmund on level 6 of the Dungeon)
Missiles
 a - 3 silver javelins
 g - 6 poisoned darts
 s - 42 stones
 v - 6 javelins
Armour
 k - a +0 buckler
   (You found it on level 7 of the Dungeon)
Magical Staves
 i - a staff of cold {rC+}
   (You found it on level 4 of the Dungeon)
 n - a staff of conjuration
   (You found it on level 4 of the Dungeon)
Jewellery
 A - a +4 ring of protection (left front leg)
   (You found it on level 1 of the Dungeon)
Wands
 e - a wand of charming (3)
   (You found it on level 3 of the Dungeon)
 j - a wand of polymorph (13)
   (You found it on level 6 of the Dungeon)
 q - a wand of flame (10)
   (You took it off an orc on level 7 of the Dungeon)
Scrolls
 b - a scroll of fog
 m - 2 scrolls of enchant armour
 o - 3 scrolls of amnesia
 K - a scroll of immolation {!r}
 Y - 2 scrolls of teleportation {@r3}
Potions
 c - a potion of haste {unknown}
 d - a potion of might {unknown}
 f - a potion of magic {unknown}
 h - a potion of invisibility {unknown}
 l - 5 potions of mutation {unknown}
 p - 2 potions of cancellation {unknown}
 r - 2 potions of attraction {unknown}
 J - a potion of curing {@q1}
 N - 3 potions of heal wounds {@q2}
 P - a potion of lignification {!q}


   Skills:
 - Level 4.5 Fighting
 - Level 4.9 Dodging
 + Level 8.9 Unarmed Combat
 - Level 2.0 Spellcasting
 + Level 8.6 Transmutations
 - Level 5.0 Ice Magic
 + Level 3.1 Earth Magic
 - Level 3.0 Poison Magic


You had 3 spell levels left.
You knew the following spells:

 Your Spells              Type           Power      Damage    Failure   Level
a - Beastly Appendage     Tmut           72%        N/A       3%          1
b - Wereblood             Tmut           36%        N/A       4%          2
c - Spider Form           Tmut/Pois      25%        N/A       13%         3
d - Ice Form              Ice/Tmut       29%        N/A       24%         4

Your spell library contained the following spells:

 Spells                   Type           Power      Damage    Failure   Level
 Freeze                   Ice            88%        1d9       8%          1
 Frozen Ramparts          Ice            44%        1d7       17%         3
 Ozocubu's Armour         Ice            22%        N/A       17%         3
 Hailstorm                Conj/Ice       12%        3d5       36%         3
 Petrify                  Tmut/Erth      25%        N/A       32%         4
 Metabolic Englaciation   Hex/Ice        6%         N/A       94%         5
 Statue Form              Tmut/Erth      16%        N/A       98%         6
 Ozocubu's Refrigeration  Ice            11%        4d9       100%        7


Dungeon Overview and Level Annotations

Branches:
Dungeon (8/15)             Temple (1/1) D:5
   Lair: D:8-11

Altars:
Ashenzari
Elyvilon
Fedhas
Gozag
Makhleb
Qazlal
Trog
Uskayaw
Yredelemnul
Zin

Shops:
D:2 ?   D:5 :   D:6 :


Innate Abilities, Weirdness & Mutations

You are a venomous arachnid creature.
You have poisonous fangs.
You are tiny and dextrous.
Your spellcasting is less reliable in this form.
Your armour is entirely melded.
You are incapable of wielding weapons or throwing items.
You cannot wear most types of armour.
((You are amphibious.))
You can wear up to eight rings at the same time.
((Your skin changes colour to match your surroundings (Stealth+).))
((Your rubbery body absorbs attacks. (AC +1, EV +1)))
((You are camouflaged when in or above water. (Stealth+)))
((You have tentacles for arms and can constrict up to eight enemies at once.))


Message History

v - 6 javelins A bullfrog comes into view.
Found an escape hatch in the ceiling.
The bullfrog croaks.
You turn into a creature of crystalline ice.
Your +3 flail of freezing melds into your body.
Your +3 flail of freezing stops glowing.
The bullfrog closely misses you.
You now have 78/78 hp.
You hit the bullfrog. You freeze the bullfrog. The bullfrog closely misses you.
Unknown command.
You punch the bullfrog!
The bullfrog seems to slow down.
You freeze the bullfrog.
The bullfrog hits you but does no damage.
You pummel the bullfrog!! You freeze the bullfrog.
You kill the bullfrog!
No target in view!
You warm up again.
Your +3 flail of freezing unmelds from your body.
Your +3 flail of freezing glows with a cold blue light!
You now have 65/65 hp.
You now have 308 gold pieces (gained 8).
A sky beast and a two-headed ogre come into view.
The two-headed ogre shouts in stereo!
You see here 12 gold pieces.
MP restored: 13
Aim: a two-headed ogre, wielding a +0 giant club and a +0 dire flail (chance to affect: 31%)
The two-headed ogre easily resists.
Aim: a two-headed ogre, wielding a +0 giant club and a +0 dire flail (chance to affect: 31%)
The two-headed ogre easily resists.
Aim: a two-headed ogre, wielding a +0 giant club and a +0 dire flail (chance to affect: 31%)
The two-headed ogre is charmed.
The sky beast flickers out of sight!
Deactivating autopickup; reactivate with Ctrl-A.
Something closely misses your two-headed ogre.
A sky beast appears from thin air!
Reactivating autopickup.
The sky beast barely misses your two-headed ogre.
What are your orders? t - Shout!
Orders for allies: a - Attack new target. p - Attack previous target. r - Retreat! s - Stop attacking. g - Guard the area. f - Follow me.
Anything else - Cancel.
Gang up on whom?
Aim: a sky beast Attack!
Your two-headed ogre hits the sky beast with a +0 giant club!!
Your two-headed ogre misses the sky beast.
The sky beast hits your two-headed ogre but does no damage.
The sky beast hits your two-headed ogre but does no damage.
Your two-headed ogre hits the sky beast with a +0 giant club!
The sky beast dies!
What are your orders? t - Shout!
Orders for allies: a - Attack new target. r - Retreat! s - Stop attacking. g - Guard the area. f - Follow me.
Anything else - Cancel.
Guard this area!
What are your orders? t - Shout!
Orders for allies: a - Attack new target. r - Retreat! s - Stop attacking. g - Guard the area. f - Follow me.
Anything else - Cancel.
Guard this area!
Unknown command.
A two-headed ogre is nearby!
You turn into a venomous arachnid creature.
Your +3 flail of freezing melds into your body.
Your +3 flail of freezing stops glowing.
The two-headed ogre shouts in stereo!
You hear a bellow! x4
The two-headed ogre misses you.
The two-headed ogre completely misses you.
You now have 10/13 mp.
You hit the two-headed ogre.
The two-headed ogre is poisoned.
The two-headed ogre misses you. The two-headed ogre barely misses you.
You hit the two-headed ogre.
The two-headed ogre looks as sick as possible!
Unknown command.
You bite the two-headed ogre!
The two-headed ogre looks as sick as possible!
A yak comes into view.
The two-headed ogre misses you. The two-headed ogre barely misses you.
You hit the two-headed ogre.
The two-headed ogre looks as sick as possible!
You bite the two-headed ogre!
The two-headed ogre looks as sick as possible!
The two-headed ogre hits you with a +0 giant club!!
The two-headed ogre hits you with a +0 dire flail.
You hear a bellow!
You take 28 damage, and have 37/65 hp.
MASSIVE DAMAGE!!
The two-headed ogre attacks as you move away!
The two-headed ogre hits you with a +0 giant club!!
* * * LOW HITPOINT WARNING * * *
The two-headed ogre hits you with a +0 dire flail!
You die...
Your body crumbles into a pile of gold.

# .# . ###.# # ..[$ #Y..
#####
)....#####O#############....
....<.[$$..s................
.....#####.###########.#####
... #.# ##.# . ..# ##..###
#.## #.....# .. #.P.P.# #
#.. #.._..### #.#
####.P.P.#.. #.
............#


You could see a two-headed ogre (extremely poisoned) and a yak.

Vanquished Creatures
  A two-headed ogre (D:7)
  Pikel (D:7)
  Prince Ribbit (D:7)
  Sigmund (D:6)
  Edmund (D:6)
  Duvessa (D:7)
  2 water moccasins
  An ice beast (D:6)
  2 sky beasts
  2 black bears
  2 ogres
  4 lemures (D:7)
  6 bullfrogs
  3 scorpions
  5 wights (D:7)
  Dowan (D:7)
  9 killer bees
  A howler monkey (D:4)
  A centaur zombie (D:3)
  4 orc priests
  4 jellies
  4 hounds
  3 iguanas (D:5)
  A scorpion zombie (D:3)
  3 orc wizards
  2 hound skeletons (D:3)
  10 gnolls
  6 adders
  An ufetubus (D:4)
  2 adder skeletons (D:3)
  4 worms
  3 dart slugs
  22 orcs
  3 ball pythons
  3 endoplasms
  A giant cockroach (D:4)
  A goblin (D:4)
  10 hobgoblins
  6 quokkas
  A ball python skeleton (D:3)
  7 bats
  3 frilled lizards
  6 kobolds
  A quokka skeleton (D:3)
  4 rats
160 creatures vanquished.

Vanquished Creatures (collateral kills)
  A sky beast (D:8)
1 creature vanquished.

Grand Total: 161 creatures vanquished

Notes
Turn   | Place    | Note
-------+----------+-------------------------------------------
     0 | D:1      | OTABOTABOTAB the Octopode Transmuter began the quest for
                  | the Orb.
     0 | D:1      | Reached XP level 1. HP: 13/13 MP: 3/3
   303 | D:1      | Reached skill level 1 in Poison Magic
   303 | D:1      | Reached XP level 2. HP: 14/18 MP: 3/5
  1148 | D:2      | Learned a level 2 spell: Wereblood
  1175 | D:2      | Reached XP level 3. HP: 16/23 MP: 4/6
  1331 | D:2      | Found Poziori's Magic Scroll Shoppe.
  1337 | D:2      | Reached skill level 2 in Poison Magic
  1344 | D:2      | Learned a level 3 spell: Spider Form
  1527 | D:2      | Reached XP level 4. HP: 26/28 MP: 5/7
  1665 | D:3      | Reached skill level 3 in Transmutations
  2208 | D:3      | Reached skill level 4 in Unarmed Combat
  2208 | D:3      | Reached skill level 3 in Poison Magic
  2208 | D:3      | Reached XP level 5. HP: 33/33 MP: 8/8
  2587 | D:4      | Noticed a black bear
  2633 | D:4      | Reached skill level 1 in Ice Magic
  2633 | D:4      | Reached XP level 6. HP: 38/38 MP: 7/9
  2715 | D:4      | Reached skill level 4 in Transmutations
  2853 | D:4      | Reached skill level 2 in Ice Magic
  3055 | D:4      | Reached skill level 5 in Unarmed Combat
  3055 | D:4      | Reached XP level 7. HP: 14/43 MP: 7/10
  3315 | D:4      | Reached skill level 3 in Ice Magic
  3718 | D:5      | Entered Level 5 of the Dungeon
  3734 | D:5      | Learned a level 4 spell: Ice Form
  4010 | D:5      | Reached skill level 5 in Transmutations
  4106 | D:5      | Found Wuso's Book Shoppe.
  4754 | D:5      | Reached XP level 8. HP: 48/48 MP: 7/11
  5016 | D:5      | Reached skill level 6 in Unarmed Combat
  5101 | D:5      | Found a staircase to the Ecumenical Temple.
  5110 | Temple   | Entered the Ecumenical Temple
  5141 | Temple   | Became a worshipper of Gozag Ym Sagoz the Greedy
  5253 | D:5      | Found a broken altar of Ashenzari.
  5253 | D:5      | Found a burning altar of Makhleb.
  5555 | D:5      | Found a hide-covered altar of Uskayaw.
  5559 | D:5      | Found a white marble altar of Elyvilon.
  5562 | D:5      | Found a stormy altar of Qazlal.
  5698 | D:6      | Reached skill level 2 in Fighting
  5729 | D:6      | Reached skill level 4 in Ice Magic
  5744 | D:6      | Reached skill level 3 in Dodging
  5992 | D:6      | Reached skill level 6 in Transmutations
  6376 | D:6      | Reached XP level 9. HP: 55/55 MP: 8/12
  6424 | D:6      | Noticed Edmund
  6436 | D:6      | HP: 13/55 [Edmund/+3 heavy flail (17)]
  6440 | D:6      | HP: 3/55 [Edmund/+3 heavy flail (11)]
  6457 | D:6      | Killed Edmund
  6458 | D:6      | Reached skill level 3 in Fighting
  6458 | D:6      | Reached skill level 7 in Unarmed Combat
  6687 | D:6      | Found Sihepter's Book Shop.
  6868 | D:6      | Noticed Sigmund
  6875 | D:6      | Killed Sigmund
  7158 | D:7      | Reached skill level 7 in Transmutations
  7367 | D:7      | Noticed Dowan
  7369 | D:7      | Noticed Duvessa
  7400 | D:7      | Killed Duvessa
  7401 | D:7      | Reached skill level 4 in Dodging
  7404 | D:7      | HP: 10/57 [poisoned by Dowan]
  7404 | D:7      | Killed Dowan
  7405 | D:7      | Reached skill level 5 in Ice Magic
  8002 | D:7      | Noticed a two-headed ogre
  8027 | D:7      | Killed a two-headed ogre
  8028 | D:7      | Reached skill level 4 in Fighting
  8028 | D:7      | Reached skill level 8 in Unarmed Combat
  8028 | D:7      | Reached XP level 10. HP: 34/65 MP: 9/13
  8169 | D:5      | Bought a book of Sloth for 432 gold pieces
  8298 | D:7      | Noticed Prince Ribbit
  8318 | D:7      | Killed Prince Ribbit
  8319 | D:7      | Reached skill level 8 in Transmutations
  8319 | D:7      | Reached skill level 1 in Earth Magic
  8599 | D:7      | Noticed Pikel
  8609 | D:7      | Killed Pikel
  8610 | D:7      | Reached skill level 2 in Earth Magic
  8999 | D:8      | Reached skill level 3 in Earth Magic
  9090 | D:8      | Found a blossoming altar of Fedhas.
  9152 | D:8      | Noticed a two-headed ogre
  9202 | D:8      | HP: 8/65 [two-headed ogre/+0 giant club (29)]
  9202 | D:8      | Mangled by a two-headed ogre

Illustrated notes

Levels and vault maps discovered:
D:1:      nzn_arrival_crosshair, layout_basic
D:2:      layout_rooms, serial_shops, nicolae_shop_advertising_works
          [nicolae_subvault_shop_adworks]
D:3:      layout_loops_ring, serial_undead, serial_undead_b, serial_undead_e,
          serial_undead_a, serial_undead_d, nrook_loot_triangle
D:4:      layout_basic, minmay_diced_spiral
D:5:      layout_layer_cave, mainiacjoe_overflow_divided_tiny,
          grunt_temple_overflow_diamond, minmay_temple_entry_purple_smoke,
          serial_shops, nicolae_inconvenience_store
D:6:      layout_basic, serial_shops, nicolae_shop_behind_doors,
          sigmund_edmund_badplayer
D:7:      layout_loops_ring, uniq_duvessa, uniq_pikel, uniq_prince_ribbit1
D:8:      layout_rooms, fedhas_altar_1, hellmonk_guarded_unrand_gong
Temple:   hellmonk_temple_flake

Skill      XL: |  1  2  3  4  5  6  7  8  9 10 |
---------------+-------------------------------+-----
Poison Magic   | 1 2 3 |  3.0
Transmutations | 3 4 5 6 7 8 |  8.6
Unarmed Combat | 4 5 6 8 |  8.9
Ice Magic      | 1 2 3 4 5 |  5.0
Fighting       | 2 4 |  4.5
Dodging        | 3 4 |  4.9
Earth Magic    | 3 |  3.1
Spellcasting   | |  2.0

Action                   |  1- 3 |  4- 6 |  7- 9 | 10-12 || total
-------------------------+-------+-------+-------+-------++-------
Melee: Unarmed           |    67 |    65 |   262 |    66 ||   460
       Constrict         |    23 |    22 |     2 |       ||    47
       Tentacles         |     8 |    20 |     4 |       ||    32
       Kick              |    20 |    25 |     2 |       ||    47
       Punch             |     1 |     1 |     1 |       ||     3
       Executioner's axe |     6 |       |       |       ||     6
       Flail             |       |    21 |    15 |       ||    36
Throw: Stone             |     6 |     2 |       |       ||     8
 Cast: Beastly Appendage |    27 |    22 |     6 |       ||    55
       Spider Form       |       |     2 |    35 |     3 ||    40
       Wereblood         |       |     1 |       |       ||     1
       Ice Form          |       |       |    10 |     4 ||    14
 Abil: End Transformatio |    20 |    18 |    34 |     5 ||    77
Evoke: Wand              |       |     1 |       |     3 ||     4
  Use: Scroll            |       |     9 |     3 |     2 ||    14
       Potion            |       |       |     1 |       ||     1
 Stab: Sleeping          |     4 |     1 |     2 |       ||     7
Armor: Skin              |    13 |    18 |    50 |    18 ||    99
Dodge: Dodged            |    45 |    46 |   177 |    32 ||   300

Table legend: (Time is in decaauts)
 A = Elapsed time spent in this place.
 B = Non-inter-level travel time spent in this place.
 C = Inter-level travel time spent in this place.
 D = Time resting spent in this place.
 E = Time spent auto-exploring this place.
 F = Levels seen in this place.
 G = Mean time per level.
                   A        B        C        D        E       F      G
               +--------+--------+--------+--------+--------+-----+--------+
         Total |   9169 |   8639 |    530 |    990 |   5644 |   9 | 1018.8 |
       Dungeon |   9127 |   8608 |    519 |    990 |   5627 |   8 | 1140.9 |
        Temple |     42 |     31 |     11 |      0 |     17 |   1 |   42.0 |
               +--------+--------+--------+--------+--------+-----+--------+

Top non-repeatable levels by time:
     D:5: 2073 daAuts
     D:7: 1557 daAuts
     D:6: 1399 daAuts
     D:4: 1203 daAuts
     D:1: 1132 daAuts
     D:3: 857 daAuts
     D:2: 526 daAuts
     D:8: 376 daAuts
  Temple: 42 daAuts

Table legend:
 A = Kills in this place as a percentage of kills in entire the game.
 B = Kills by you in this place as a percentage of kills by you in the entire game.
 C = Kills by friends in this place as a percentage of kills by friends in the entire game.
 D = Other kills in this place as a percentage of other kills in the entire game.
 E = Experience gained in this place as a percentage of experience gained in the entire game.
 F = Experience gained in this place divided by the number of levels of this place that you have seen.
                   A       B       C       D       E      F
               +-------+-------+-------+-------+-------+----------------------
         Total | 100.0 | 100.0 | 100.0 |   N/A | 100.0 | 743.2
       Dungeon | 100.0 | 100.0 | 100.0 |   N/A | 100.0 | 836.1
               +-------+-------+-------+-------+-------+----------------------
